 Dungeon Crawl Stone Soup version 0.29-a0-25-g7f48f510a0 (webtiles) character file.

Game seed: 17060414887859778270

661 Bosse the Ruffian (level 7, 0/55 (60) HPs)
             Began as a Minotaur Monk on Jan 31, 2022.
             Was a Believer of Trog.
             Slain by Edmund (7 damage)
             ... on level 4 of the Dungeon.
             The game lasted 00:17:03 (4112 turns).

Bosse the Ruffian (Minotaur Monk)                   Turns: 4112, Time: 00:17:03

HP:   0/55 (60)     AC:  6    Str: 17    XL:     7   Next: 30%
MP:   6/6           EV: 14    Int:  7    God:    Trog [**....]
Gold: 104           SH:  0    Dex: 13    Spells: 6/6 levels left

rFire   . . .      SeeInvis .     - Unarmed
rCold   . . .      Faith    .   (no shield)
rNeg    . . .      Spirit   .   a - +0 robe
rPois   .          Reflect  .   (helmet restricted)
rElec   .          Harm     .   (no cloak)
rCorr   .          Rampage  .   (no gloves)
Will    .....                   (no boots)
Stlth   ++........              (no amulet)
HPRegen 0.18/turn               c - +4 ring of protection
MPRegen 0.10/turn               (no ring)

@: drained
A: horns 2, retaliatory headbutt
a: Renounce Religion, Berserk, Trog's Hand


You were on level 4 of the Dungeon.
You worshipped Trog.
Trog was pleased with you.
You visited 1 branch of the dungeon, and saw 4 of its levels.

You collected 104 gold pieces.

Inventory:

Armour
 a - a +0 robe (worn)
Jewellery
 c - a +4 ring of protection (left hand)
Wands
 k - a wand of paralysis (8)
Scrolls
 b - a scroll of vulnerability {unknown}
 e - 2 scrolls of teleportation {unknown}
 f - a scroll of magic mapping {unknown}
 h - a scroll of noise {unknown}
 i - a scroll of torment {unknown}
 m - a scroll of fear {unknown}
 n - a scroll of enchant armour {unknown}
Potions
 d - 2 potions of invisibility {unknown}
 g - a potion of degeneration {unknown}
 j - a potion of curing
 l - a potion of haste {unknown}
 o - a potion of ambrosia {unknown}


   Skills:
 * Level 4.7 Fighting
 * Level 5.4 Dodging
 - Level 1.5 Stealth
 * Level 7.8 Unarmed Combat


You had 6 spell levels left.
You didn't know any spells.
Your spell library contained the following spells:

 Spells                   Type           Power      Damage    Failure   Level
 Foxfire                  Conj/Fire      0%         2x1d4     43%         1
 Static Discharge         Conj/Air       0%         N/A       56%         2
 Conjure Flame            Conj/Fire      0%         6-21      80%         3
 Inner Flame              Hex/Fire       0%         N/A       80%         3
 Dispel Undead            Necr           0%         3d6       99%         4
 Flame Wave               Conj/Fire      0%         2d4       99%         4
 Sticky Flame             Conj/Fire      0%         2d3       99%         4


Dungeon Overview and Level Annotations

Branches:
Dungeon (4/15)
 Temple: D:4-7

Altars:
Dithmenos
Trog

Annotations:
D:4 Edmund


Innate Abilities, Weirdness & Mutations

You have a pair of horns on your head.
You reflexively headbutt those who attack you in melee.


Message History

You kill the gnoll!
Trog accepts your kill. The gnoll hits you with a +0 club.
Things that are here:
a +0 whip; a +0 flail You barely miss the gnoll.
You headbutt the gnoll.
The gnoll is moderately wounded.
The gnoll hits you with a +0 club.
You hit the gnoll. You headbutt the gnoll.
The gnoll is severely wounded.
The gnoll misses you.
You punch the gnoll!
You kill the gnoll!
Trog accepts your kill.
You start resting.
Edmund the Younger comes into view.
He is wielding a +1 flail of draining.
Edmund shouts!
Edmund throws a stone.
The stone hits you.
Edmund hits you with a +1 flail of draining.
You feel drained.
You barely miss Edmund.
Edmund hits you with a +1 flail of draining!
You feel drained.
You are too injured to fight recklessly!
You are too injured to fight recklessly!
You are too injured to fight recklessly!
You hit Edmund.
Edmund is lightly wounded.
You hit Edmund but do no damage. Your headbutt misses Edmund.
Edmund is lightly wounded.
Edmund drinks a potion.
Edmund seems to grow stronger.
You punch Edmund!
Edmund is moderately wounded.
Edmund misses you.
You hit Edmund.
Edmund is moderately wounded.
Edmund hits you with a +1 flail of draining!
* * * LOW HITPOINT WARNING * * *
You feel drained.
You die...

...#...#.#####.........
######...[#
#...........
#....#####...........
##.#...##............
#.###.#............. #
#.....#..#.......... #
...#####'.##..........
# ##.....(###.@.......
........## #.@.......
........# #.........
.....<.## #.........
....... ####........
.......###.))).......
#...........†##.......
#....###...#### .......
#....# ##..# .......
....# ##.## #......


You could see Edmund (strong).

Vanquished Creatures
  A black bear (D:4)
  A necrophage (D:4)
  An ogre (D:3)
  Crazy Yiuf (D:3)
  A gnoll shaman (D:4)
  2 orc priests (D:2)
  Jessica (D:3)
  Natasha (D:2)
  An orc wizard (D:2)
  Robin (D:3)
  5 gnolls (D:4)
  4 adders
  An ufetubus (D:4)
  2 worms (D:2)
  A dart slug (D:2)
  10 orcs
  4 ball pythons
  4 endoplasms
  2 giant cockroaches
  12 goblins
  14 hobgoblins
  4 jackals (D:1)
  6 quokkas
  5 bats
  4 frilled lizards
  8 kobolds
  2 rats
99 creatures vanquished.

Vanquished Creatures (others)
  A fungus (D:1)
  5 plants
6 creatures vanquished.

Grand Total: 105 creatures vanquished

Notes
Turn   | Place    | Note
-------+----------+-------------------------------------------
     0 | D:1      | Bosse the Minotaur Monk began the quest for the Orb.
     0 | D:1      | Reached XP level 1. HP: 19/19 MP: 0/0
   293 | D:1      | Reached XP level 2. HP: 23/27 MP: 1/1
   650 | D:1      | Found a faded altar of an unknown god.
   988 | D:1      | Reached skill level 4 in Unarmed Combat
  1093 | D:2      | Reached XP level 3. HP: 30/33 MP: 2/2
  1226 | D:2      | Reached XP level 4. HP: 36/40 MP: 3/3
  1345 | D:2      | Reached skill level 5 in Unarmed Combat
  1351 | D:2      | Reached XP level 5. HP: 23/46 MP: 4/4
  1908 | D:2      | Noticed Natasha
  1921 | D:2      | Killed Natasha
  2597 | D:3      | Found a runed translucent door.
  2598 | D:3      | Noticed Crazy Yiuf
  2649 | D:3      | Noticed Jessica
  2656 | D:3      | Killed Jessica
  2657 | D:3      | Reached skill level 6 in Unarmed Combat
  2657 | D:3      | Noticed Robin
  2668 | D:3      | Killed Robin
  2944 | D:3      | Noticed an ogre
  2947 | D:3      | Reached XP level 6. HP: 52/52 MP: 5/5
  3472 | D:3      | Found a bloodstained altar of Trog.
  3477 | D:3      | Became a worshipper of Trog the Wrathful
  3477 | D:3      | Reached * piety under Trog
  3477 | D:3      | Reached ** piety under Trog
  3588 | D:3      | Killed Crazy Yiuf
  3700 | D:4      | Reached skill level 5 in Dodging
  3700 | D:4      | Reached skill level 7 in Unarmed Combat
  3705 | D:4      | Reached XP level 7. HP: 27/60 MP: 6/6
  3942 | D:4      | Found a shadowy altar of Dithmenos.
  4103 | D:4      | Noticed Edmund
  4112 | D:4      | Slain by Edmund

Illustrated notes

Levels and vault maps discovered:
D:1:      saegor_arrival_miasma, layout_basic, shapermc_ecumenical_altar_petra,
          minmay_misc_feat_nine_boxes
D:2:      cheibrodos_pilgrimage, layout_loops_corners, uniq_natasha
D:3:      minmay_recursive_quarters, layout_rooms, lightli_temple_of_fire,
          uniq_crazy_yiuf_cottage, uniq_jessica, uniq_robin
D:4:      layout_layer_cave, mainiacjoe_overflow_chevrons,
          mainiacjoe_overflow_swirl, grunt_temple_overflow_diamond,
          minmay_temple_entry_gardened_gates, hex_tiny, uniq_edmund

Skill      XL: |  1  2  3  4  5  6 |
---------------+-------------------+-----
Unarmed Combat | 4 5 6 7 |  7.8
Fighting       | 4 |  4.7
Dodging        | 4 5 |  5.4
Stealth        | |  1.5

Action                   |  1- 3 |  4- 6 |  7- 9 || total
-------------------------+-------+-------+-------++-------
Melee: Unarmed           |    94 |   135 |    34 ||   263
       Headbutt          |    15 |    20 |     9 ||    44
       Punch             |     3 |     4 |       ||     7
 Stab: Sleeping          |     1 |     5 |       ||     6
Armor: Robe              |    13 |    54 |     4 ||    71
Dodge: Dodged            |    40 |    98 |    17 ||   155

Table legend: (Time is in decaauts)
 A = Elapsed time spent in this place.
 B = Non-inter-level travel time spent in this place.
 C = Inter-level travel time spent in this place.
 D = Time resting spent in this place.
 E = Time spent auto-exploring this place.
 F = Levels seen in this place.
 G = Mean time per level.
                   A        B        C        D        E       F      G
               +--------+--------+--------+--------+--------+-----+--------+
         Total |   4095 |   3975 |    120 |    637 |   2613 |   4 | 1023.8 |
       Dungeon |   4095 |   3975 |    120 |    637 |   2613 |   4 | 1023.8 |
               +--------+--------+--------+--------+--------+-----+--------+

Top non-repeatable levels by time:
     D:2: 1496 daAuts
     D:3: 1101 daAuts
     D:1: 1073 daAuts
     D:4: 423 daAuts
